 Dungeon Crawl Stone Soup version 0.18-a0-1273-g8ec5f8e (webtiles) character file.

68 Gagarin the Sneak (level 4, 0/21 HPs)
             Began as a Spriggan Enchanter on Feb 7, 2016.
             Succumbed to an adder's poison
             ... on level 3 of the Dungeon.
             The game lasted 00:10:01 (2430 turns).

Gagarin the Sneak (Spriggan Enchanter)              Turns: 2430, Time: 00:10:01

Health: 0/21       AC:  3    Str: 10    XL:     4   Next: 1%
Magic:  3/10       EV: 19    Int: 16    God:
Gold:   103        SH:  0    Dex: 16    Spells: 2 memorised, 6 levels left

rFire  . . .     SeeInvis +     a - +1 dagger
rCold  . . .     Gourm    .     b - +1 robe
rNeg   . . .     Faith    .     (shield restricted)
rPois  .         Spirit   .     (helmet restricted)
rElec  .         Dismiss  .     (no cloak)
rCorr  .         Reflect  .     (gloves unavailable)
SustAt .         Harm     .     (boots unavailable)
MR     .....                    (no amulet)
Stlth  +++.......               (no ring)
                                (no ring)

@: mighty, lethally poisoned (0 -> -7), very quick, not resistant to hostile
enchantments, fairly stealthy
A: unfitting armour, see invisible, herbivore 3, speed 3, slow metabolism 2
a: no special abilities


You were on level 3 of the Dungeon.
You were not hungry.

You visited 1 branch of the dungeon, and saw 3 of its levels.

You collected 103 gold pieces.

Inventory:

Hand Weapons
 a - a +1 dagger (weapon)
 p - a +0 dagger of pain
Armour
 b - a +1 robe (worn)
Scrolls
 e - a scroll of enchant armour {unknown}
 f - a scroll of random uselessness {unknown}
 g - a scroll of identify {unknown}
 h - a scroll of immolation {unknown}
 i - a scroll of noise {unknown}
 m - 2 scrolls of teleportation
 n - 2 scrolls of remove curse
 o - 4 scrolls of amnesia {unknown}
 q - a scroll of enchant weapon {unknown}
 r - a scroll of magic mapping {unknown}
Potions
 k - a potion of curing {unknown}
 l - a potion of lignification {unknown}
Books
 c - a book of Maledictions

   Spells                             Type                      Level
   a - Corona                         Hexes                        1
   b - Ensorcelled Hibernation        Hexes/Ice                    2
   c - Confuse                        Hexes                        3
   d - Tukima's Dance                 Hexes                        3
   e - Dazzling Spray                 Conjuration/Hexes            3
Comestibles
 d - 3 bread rations


   Skills:
 + Level 0.1 Fighting
 + Level 1.4 Short Blades
 + Level 3.9 Dodging
 + Level 5.3 Stealth
 + Level 3.6 Spellcasting
 + Level 4.0 Hexes


You had 6 spell levels left.
You knew the following spells:

 Your Spells              Type           Power        Failure   Level  Hunger
a - Corona                Hex            ###....      4%          1    None
b - Confuse               Hex            ###.....     12%         3    ###....


Dungeon Overview and Level Annotations

Branches:
Dungeon (3/15)

Altars:
Elyvilon
Makhleb
Trog


Innate Abilities, Weirdness & Mutations

You are tiny and cannot use many weapons and most armour.
You have supernaturally acute eyesight.
You are a herbivore.
You cover ground extremely quickly.
You need consume almost no food.


Message History

You miss the adder.
The adder is severely wounded.
You feel sick. The adder completely misses you.
You barely miss the adder.
The adder is severely wounded.
The adder bites you.
* * * LOW HITPOINT WARNING * * *
You hit the adder.
The adder is almost dead.
The adder misses you.
You hit the adder but do no damage.
The adder is almost dead.
The adder stops glowing.
The adder bites you.
* * * LOW HITPOINT WARNING * * *
You are more poisoned.
The adder poisons you!
Drink which item? (? for menu, Esc to quit)
It was a potion of might.
You feel very mighty all of a sudden.
You die...

#..## ....## .....#
#####...... #........##
#.........#
############........#
........@Sg'.....#
###############.....####
.......).........†......
#######.###########.####
#.# .# #.# .# ####.# .
##....## . ###..##..##


You could see an adder and a goblin.

Vanquished Creatures
  2 adders
  2 worms (D:2)
  2 giant geckos (D:1)
  2 orcs (D:3)
  A ball python (D:1)
  2 bats (D:1)
  2 giant cockroaches
  3 goblins
  6 hobgoblins
  3 jackals (D:1)
  3 giant newts
  5 kobolds
  4 rats
37 creatures vanquished.

Notes
Turn   | Place    | Note
--------------------------------------------------------------
     0 | D:1      | Gagarin the Spriggan Enchanter began the quest for the Orb.
     0 | D:1      | Reached XP level 1. HP: 9/9 MP: 5/5
   267 | D:1      | Reached XP level 2. HP: 13/13 MP: 5/7
  1183 | D:2      | Reached XP level 3. HP: 11/16 MP: 5/8
  1283 | D:2      | Learned a level 3 spell: Confuse
  1419 | D:2      | Found a white marble altar of Elyvilon.
  1482 | D:2      | Reached skill level 5 in Stealth
  1983 | D:2      | Found a burning altar of Makhleb.
  2356 | D:3      | Found a bloodstained altar of Trog.
  2397 | D:3      | Reached XP level 4. HP: 21/21 MP: 7/10
  2429 | D:3      | HP: 1/21 [adder (5)]
  2430 | D:3      | Succumbed to an adder's poison

Vault maps used:
D:1:      dpeg_arrival_simpleton_b
D:2:      elyvilon_altar_1, nicolae_overflow_crystal_walls
D:3:      lemuel_doored_altar, first_bread, uniq_sigmund, uniq_grinder

Action                   |  1- 3 |  4- 6 || total
-------------------------+-------+-------++-------
Melee: Dagger            |   140 |    11 ||   151
 Cast: Corona            |    21 |     1 ||    22
       Confuse           |     7 |     2 ||     9
  Use: Scroll            |     3 |       ||     3
       Potion            |       |     1 ||     1
 Stab: Sleeping          |    11 |       ||    11
       Distracted        |     1 |       ||     1
       Confused          |     6 |       ||     6
